 Dungeon Crawl Stone Soup version 0.18.1-50-g88ac8fd (webtiles) character file.

70 recordrepeat the Skirmisher (level 4, 0/40 HPs)
             Began as a Hill Orc Fighter on Oct 21, 2016.
             Slain by a black bear (1 damage)
             ... on level 4 of the Dungeon on Oct 22, 2016.
             The game lasted 00:06:46 (2270 turns).

recordrepeat the Skirmisher (Hill Orc Fighter)      Turns: 2270, Time: 00:06:47

Health: 0/40       AC:  8    Str: 19    XL:     4   Next: 22%
Magic:  4/4        EV:  7    Int:  8    God:
Gold:   151        SH:  9    Dex: 10    Spells: 0 memorised, 3 levels left

rFire  . . .     SeeInvis .     a - +0 war axe
rCold  . . .     Gourm    .     b - +0 scale mail
rNeg   . . .     Faith    .     c - +0 shield
rPois  .         Spirit   .     (no helmet)
rElec  .         Dismiss  .     r - +0 cloak
rCorr  .         Reflect  .     (no gloves)
SustAt +         Harm     .     (no boots)
MR     .....                    (no amulet)
Stlth  ..........               (no ring)
                                u - ring of sustain attributes

@: not resistant to hostile enchantments, extremely unstealthy
A: no striking features
a: no special abilities


You were on level 4 of the Dungeon.
You were hungry.

You visited 1 branch of the dungeon, and saw 4 of its levels.

You collected 151 gold pieces.

Inventory:

Hand Weapons
 a - a +0 war axe (weapon)
Armour
 b - a +0 scale mail (worn)
 c - a +0 shield (worn)
 r - a +0 cloak (worn)
Jewellery
 u - a ring of sustain attributes (left hand)
Wands
 o - a wand of acid (10/15)
Scrolls
 e - 3 scrolls of identify
 h - a scroll of enchant armour {unknown}
 i - 3 scrolls of remove curse {unknown}
 k - 3 scrolls of teleportation {unknown}
 l - 2 scrolls of blinking {unknown}
 m - a scroll of random uselessness {unknown}
 s - a scroll of recharging {unknown}
Potions
 d - a potion of might
 n - 3 potions of curing
 t - a potion of agility {unknown}
 v - a potion of brilliance {unknown}
Books
 p - Vehumet's Guide on Conjuration
   (You found it on level 2 of the Dungeon)

   Spells                             Type                      Level
   a - Magic Dart                     Conjuration                  1
Comestibles
 f - 3 bread rations
 g - 3 meat rations
 j - a slice of pizza


   Skills:
 + Level 4.1 Fighting
 + Level 3.6 Axes
 + Level 4.0 Armour
 + Level 0.4 Dodging
 + Level 0.1 Stealth
 + Level 3.8 Shields


You had 3 spell levels left.
You didn't know any spells.

Dungeon Overview and Level Annotations

Branches:
Dungeon (4/15)
 Temple: D:4-7

Altars:
Fedhas
Kikubaaqudgha
Sif Muna
Trog
Vehumet
The Shining One


Message History

You hit the black bear.
The black bear is almost dead.
The black bear bites you!
* * * LOW HITPOINT WARNING * * *
The black bear claws you but does no damage.
You block the black bear's attack.
The black bear bites you but does no damage.
You block the black bear's attack. The black bear barely misses you.
You closely miss the black bear.
The black bear is almost dead.
The black bear bites you.
* * * LOW HITPOINT WARNING * * *
The black bear closely misses you.
The black bear claws you but does no damage.
The black bear bites you but does no damage.
The black bear claws you but does no damage.
You block the black bear's attack.
The black bear bites you but does no damage.
The black bear claws you.
You die...

#.# #.# #.# #.# #.# ##
#.# #.##### .. #.#
#.##...
#.#######.######.##.##
#...h@............#.#
##############.#..#)#
#.#..#.# #.#..#.#
#.#..#.## #........
###...... #######


You could see a black bear (berserk).

Vanquished Creatures
  An ooze (D:1)
  2 giant geckos (D:2)
  5 orcs
  9 goblins
  7 hobgoblins
  4 jackals (D:1)
  8 bats
  A giant newt (D:3)
  8 kobolds
  10 rats
55 creatures vanquished.

Notes
Turn   | Place    | Note
--------------------------------------------------------------
     0 | D:1      | recordrepeat the Hill Orc Fighter began the quest for the Orb.
     0 | D:1      | Reached XP level 1. HP: 19/19 MP: 1/1
   203 | D:1      | Reached XP level 2. HP: 27/27 MP: 2/2
   770 | D:1      | Reached XP level 3. HP: 32/33 MP: 3/3
  1129 | D:2      | Found a blossoming altar of Fedhas.
  1130 | D:2      | Found a bloodstained altar of Trog.
  1264 | D:2      | Found an ancient bone altar of Kikubaaqudgha.
  1264 | D:2      | Found a deep blue altar of Sif Muna.
  1266 | D:2      | Found a radiant altar of Vehumet.
  1276 | D:2      | Identified Vehumet's Guide on Conjuration
  1668 | D:2      | Found a glowing golden altar of the Shining One.
  1975 | D:3      | Reached XP level 4. HP: 40/40 MP: 4/4
  2253 | D:4      | Noticed a black bear
  2270 | D:4      | HP: 1/40 [black bear (2)]
  2270 | D:4      | Slain by a black bear

Skill      XL: |  1  2  3 |
---------------+----------+-----
Axes           | 3 |  3.6
Fighting       | 4 |  4.1
Armour         | 4 |  4.0
Dodging        | |  0.4
Stealth        | |  0.1
Shields        | |  3.8

Action                   |  1- 3 |  4- 6 || total
-------------------------+-------+-------++-------
Melee: War axe           |   128 |    30 ||   158
  Use: Scroll            |       |     1 ||     1
  Eat: Chunk             |     4 |       ||     4
Armor: Scale mail        |    58 |    23 ||    81
Dodge: Dodged            |    42 |    11 ||    53
Block: Shield            |    61 |    20 ||    81
